 Dungeon Crawl Stone Soup version 0.26-a0-663-g36e8fdb655 (webtiles) character file.

Game seed: 12782268606911756022

28 FollowTheCloud the Skirmisher (level 2, 0/27 HPs)
             Began as a Palentonga Fighter on Oct 12, 2020.
             Slain by an adder (1 damage)
             ... on level 1 of the Dungeon.
             The game lasted 00:02:36 (1026 turns).

FollowTheCloud the Skirmisher (Palentonga Fighter)  Turns: 1026, Time: 00:02:37

Health: 0/27       AC:  6    Str: 19    XL:     2   Next: 96%
Magic:  2/2        EV:  5    Int:  8    God:
Gold:   94         SH:  8    Dex:  9    Spells: 1/1 levels left

rFire    . . .     SeeInvis +   a - +0 flail
rCold    . . .     Faith    .   c - +0 kite shield
rNeg     . . .     Spirit   .   b - +0 scale mail
rPois    .         Reflect  .   (no helmet)
rElec    .         Harm     .   (no cloak)
rCorr    .         Rampage  .   (no gloves)
MR       .....                  (no barding)
Stlth    ..........             (no amulet)
HPRegen  0.09/turn              (no ring)
MPRegen  0.08/turn              (no ring)

@: lethally poisoned (0 -> -14)
A: large, rugged brown scales 3, see invisible, deformed body, roll, armoured
tail
a: Rolling Charge


You were on level 1 of the Dungeon.
You visited 1 branch of the dungeon, and saw 2 of its levels.

You collected 94 gold pieces.

Inventory:

Hand Weapons
 a - a +0 flail (weapon)
Armour
 b - a +0 scale mail (worn)
 c - a +0 kite shield (worn)
Jewellery
 f - a +6 ring of intelligence {unknown}
 j - a cursed ring of teleportation {unknown}
Scrolls
 e - a scroll of teleportation {unknown}
 i - a scroll of identify {unknown}
 k - a scroll of enchant armour {unknown}
Potions
 d - a potion of might
 g - a potion of stabbing {unknown}
 h - a potion of magic {unknown}


   Skills:
 + Level 3.3 Fighting
 + Level 2.4 Maces & Flails
 + Level 2.7 Armour
 + Level 2.6 Shields


You had one spell level left.
You didn't know any spells.
Your spell library was empty.

Dungeon Overview and Level Annotations

Branches:
Dungeon (2/15)

Altars:


Innate Abilities, Weirdness & Mutations

You are completely covered in rugged brown scales. (AC +3, +7% HP)
You have supernaturally acute eyesight. (SInv)
Armour fits poorly on your strangely shaped body.
You can roll at foes to attack.
You have a long armoured tail.


Message History

You hit the adder.
The adder is severely wounded.
The adder bites you.
You are more poisoned.
The adder poisons you! The adder bites you but does no damage.
You barely miss the adder.
The adder is severely wounded.
You feel sick. The adder bites you.
* * * LOW HITPOINT WARNING * * *
You feel sick. The adder bites you.
* * * LOW HITPOINT WARNING * * *
You are more poisoned.
The adder poisons you! The adder bites you but does no damage.
* * * LOW HITPOINT WARNING * * *
You feel sick.
You closely miss the adder.
Your tail-slap misses the adder.
The adder is severely wounded.
* * * LOW HITPOINT WARNING * * *
You feel sick. The adder bites you but does no damage. The adder bites you.
You die...

#.# #...............# #.#
#.#.........###)# #.#
#.##.......## #.##
####.####.###.....#####...
#####
#...........##............
.(..#
#.##.#####...............#
....# #.##.#
#..###.#.######.#
.#..####.##.#####..###.#.#
#.#
.#.......##...).@......#.#
#.#
†#.###.##########S.##....#
#.# .#.# #.# #>.##.####
#.# .#.# #.# #..##.# #.#
.#.# #.# ##.....# #.#
.#.###.#
#.###.##########.#
(#.....# #.#
#............. .#..####
#.###.)........... ##..#
##...)############


You could see an adder.

Vanquished Creatures
  A dart slug (D:1)
  A giant cockroach (D:1)
  5 goblins (D:1)
  3 hobgoblins (D:1)
  2 jackals (D:1)
  2 kobolds
  A bat (D:1)
  3 frilled lizards (D:1)
  7 rats (D:1)
25 creatures vanquished.

Notes
Turn   | Place    | Note
-------+----------+-------------------------------------------
     0 | D:1      | FollowTheCloud the Palentonga Fighter began the quest for
                  | the Orb.
     0 | D:1      | Reached XP level 1. HP: 20/20 MP: 1/1
   377 | D:1      | Reached XP level 2. HP: 27/27 MP: 2/2
  1026 | D:1      | HP: 1/27 [poisoned by an adder]
  1026 | D:1      | Slain by an adder

Illustrated notes

Levels and vault maps discovered:
D:1:      dpeg_arrival_windows_large_door, layout_loops_ring, minivault_5,
          due_unseen_surprise
D:2:      layout_loops_corners, moated_statue

Action                   || total
-------------------------++-------
Melee: Flail             ||    76
       Tailslap          ||     5
 Abil: Rolling Charge    ||     4
Armor: Scale mail        ||    34
Dodge: Dodged            ||    16
Block: Kite shield       ||    27

Table legend: (Time is in decaauts)
 A = Elapsed time spent in this place.
 B = Non-inter-level travel time spent in this place.
 C = Inter-level travel time spent in this place.
 D = Time resting spent in this place.
 E = Time spent auto-exploring this place.
 F = Levels seen in this place.
 G = Mean time per level.
                   A        B        C        D        E       F      G
               +--------+--------+--------+--------+--------+-----+--------+
         Total |   1053 |   1045 |      8 |    339 |    427 |   2 |  526.5 |
       Dungeon |   1053 |   1045 |      8 |    339 |    427 |   2 |  526.5 |
               +--------+--------+--------+--------+--------+-----+--------+

Top non-repeatable levels by time:
     D:1: 957 daAuts
     D:2: 95 daAuts
